 Dungeon Crawl Stone Soup version 0.31-a0-524-g2a164cf6a2 (webtiles) character file.

Game seed: 18226892257738839006

142905 AdnanSaban the Bludgeoner (level 17, -3/116 HPs)
             Began as a Gargoyle Fighter on Aug 12, 2023.
             Was the Champion of Okawaru.
             Slain by Asterion
             ... wielding a +0 spectral demon trident
              (8 damage)
             ... on level 1 of the Snake Pit.
             The game lasted 00:53:24 (30536 turns).

AdnanSaban the Bludgeoner (Gargoyle Fighter)       Turns: 30536, Time: 00:53:24

Health: -3/116     AC: 49    Str: 31    XL:     17   Next: 6%
Magic:  21/24      EV:  9    Int: 17    God:    Okawaru [******]
Gold:   2608       SH: 12    Dex:  9    Spells: 16/16 levels left

rFire   + . .        S - +7 eveningstar of the Hundredfold Lies {vamp, rF+ Str+2}
rCold   . . .        c - +1 kite shield {reflect}
rNeg    + . .        F - +2 plate armour of Imperfection {rElec Str+4}
rPois   ∞            v - +5 helmet of the Hills {Will+ Int+5}
rElec   +            Z - scarf {repulsion}
rCorr   .            b - +2 pair of gloves {infuse}
SInv    .            K - +2 pair of boots {rampage}
Will    +++..        l - amulet of regeneration Stlth
                     o - ring of willpower
HPRegen 1.19/turn    s - +4 ring of protection
MPRegen 0.19/turn

%: repel missiles, reflection, rampage, infuse magic (1 MP)
@: flying
A: sickness immunity, AC +12, big wings, negative energy resistance 1,
electricity resistance, torment resistance 1, petrification resistance
}: 1/15 runes: decaying
a: Renounce Religion, Heroism, Finesse, Duel


You were on level 1 of the Snake Pit.
You worshipped Okawaru.
Okawaru was exalted by your worship.
You visited 6 branches of the dungeon, and saw 25 of its levels.
You also visited: Ossuary and Gauntlet.

You collected 2608 gold pieces.

Inventory:

Hand Weapons
 S - the +7 eveningstar of the Hundredfold Lies (weapon) {vamp, rF+ Str+2}
   (Okawaru gifted it to you on level 10 of the Dungeon)

   Str+2:     It affects your strength (+2).
   rF+:       It protects you from fire.
Missiles
 a - 9 atropa-tipped darts
 z - 31 poisoned darts (quivered)
 L - 12 curare-tipped darts
 N - 6 throwing nets
 Q - 11 javelins
 R - 20 boomerangs
Armour
 b - a +2 pair of gloves of infusion (worn)
 c - a +1 kite shield of reflection (worn)
 v - the +5 helmet of the Hills (worn) {Will+ Int+5}
   (You found it on level 4 of the Dungeon)

   Int+5:     It affects your intelligence (+5).
   Will+:     It increases your willpower.
 F - the +2 plate armour of Imperfection (worn) {rElec Str+4}
   (Okawaru gifted it to you on level 3 of the Lair of Beasts)

   Str+4:     It affects your strength (+4).
   rElec:     It insulates you from electricity.
 K - a +2 pair of boots of rampaging (worn)
 Z - a scarf of repulsion (worn)
Jewellery
 l - an amulet of regeneration (around neck)
 o - a ring of willpower (left hand)
 s - a +4 ring of protection (right hand)
 y - a ring of willpower
 O - a ring of see invisible
 U - a ring of resist corrosion
Wands
 E - a wand of flame (33)
 M - a wand of polymorph (3)
 P - a wand of roots (20)
 X - a wand of paralysis (13)
 Y - a wand of digging (9)
Scrolls
 e - 3 scrolls of silence {unknown}
 f - 4 scrolls of enchant armour {unknown}
 g - a scroll of summoning {unknown}
 i - 6 scrolls of amnesia
 j - 10 scrolls of identify
 k - 13 scrolls of teleportation
 n - 3 scrolls of blinking {unknown}
 p - 3 scrolls of revelation {unknown}
 q - 3 scrolls of poison {unknown}
 t - 5 scrolls of noise {unknown}
 A - 4 scrolls of vulnerability {unknown}
 B - a scroll of brand weapon {unknown}
 J - 5 scrolls of enchant weapon {unknown}
 T - 4 scrolls of fear {unknown}
 V - 3 scrolls of acquirement {unknown}
 W - a scroll of fog {unknown}
Potions
 d - 4 potions of might
 h - 4 potions of berserk rage
 r - 11 potions of curing
 u - 3 potions of haste
 x - 4 potions of enlightenment
 G - 4 potions of heal wounds
 I - 3 potions of invisibility


   Skills:
 * Level 16.5 Fighting
 + Level 17.8 Maces & Flails
 + Level 3.0 Throwing
 + Level 15.0 Armour
 + Level 3.3 Dodging
 + Level 2.6 Stealth
 + Level 11.5 Shields
 + Level 10.0 Invocations


You had 16 spell levels left.
You didn't know any spells.
Your spell library contained the following spells:

 Spells                   Type           Power      Damage    Failure   Level
 Foxfire                  Conj/Fire      0%         2x1d4     88%         1
 Kiss of Death            Conj/Necr      0%         2d5       88%         1
 Magic Dart               Conj           0%         1d3       88%         1
 Blink                    Tloc           0%         N/A       95%         2
 Searing Ray              Conj           0%         2d4       95%         2
 Confusing Touch          Hex            0%         N/A       99%         3
 Frozen Ramparts          Ice            0%         1d1       99%         3
 Ignite Poison            Fire/Tmut/Pois 0%         N/A       99%         3
 Ozocubu's Armour         Ice            0%         N/A       99%         3
 Volatile Blastmotes      Fire/Tloc      0%         2d10      99%         3
 Dispel Undead            Necr           0%         3d6       100%        4
 Fulminant Prism          Conj/Hex       0%         3d5       100%        4
 Iskenderun's Mystic Bla  Conj/Tloc      0%         2d3       100%        4
 Leda's Liquefaction      Hex/Erth       0%         N/A       100%        4
 Manifold Assault         Tloc           0%         N/A       100%        4
 Passage of Golubria      Tloc           0%         N/A       100%        4
 Petrify                  Tmut/Erth      0%         N/A       100%        4
 Freezing Cloud           Conj/Ice/Air   0%         6-21      100%        5
 Lee's Rapid Deconstruct  Erth           0%         3d4*      100%        5
 Metabolic Englaciation   Hex/Ice        0%         N/A       100%        5
 Yara's Violent Unravell  Hex/Tmut       0%         3d3       100%        5
 Leda's Unmaking          Conj/Erth      0%         9d1       100%        6
 Plasma Beam              Fire/Air       0%         2x1d10    100%        6
 Starburst                Conj/Fire      0%         6d3       100%        6
 Ozocubu's Refrigeration  Ice            0%         4d7       100%        7
 Borgnjor's Revivificati  Necr           0%         N/A       100%        8
 Death's Door             Necr           0%         N/A       100%        9
 Polar Vortex             Ice            0%         N/A       100%        9
 Cigotuvi's Dreadful Rot  Necr/Pois/Air  Unusable   N/A       N/A         2
 Tukima's Dance           Hex            Unusable   N/A       N/A         3
 Summon Forest            Summ/Tloc      Unusable   N/A       N/A         5
 Summon Mana Viper        Hex/Summ       Unusable   N/A       N/A         5
 Simulacrum               Ice/Necr       Unusable   N/A       N/A         6
 Summon Cactus Giant      Summ           Unusable   N/A       N/A         6
 Haunt                    Necr/Summ      Unusable   N/A       N/A         7

Dungeon Overview and Level Annotations

Branches:
Dungeon (12/15)            Temple (1/1) D:4            Lair (5/5) D:11
  Swamp (4/4) Lair:2        Snake (1/4) Lair:3        Slime (0/5) Lair:5
    Orc (2/2) D:11            Elf (0/3) Orc:2       Ossuary (visited)
Gauntlet (visited)

Altars:
Ashenzari
Cheibriados
Dithmenos
Elyvilon
Fedhas
Gozag
Hepliaklqana
Kikubaaqudgha
Makhleb
Nemelex Xobeh
Okawaru
Qazlal
Ru
Sif Muna
Trog
Uskayaw
Vehumet
Wu Jian
Xom
Yredelemnul
Zin
The Shining One
Jiyva

Shops:
D:5 (   D:7 ![**   Orc:1 *   Orc:2 =(**[   Snake:1 =

Portals:
Abyss: Lair:4

Annotations:
D:12 exclusion: 3 oklob plants
Lair:4 2 transporters, Veeruq's ghost, journeyman DsFi
Snake:1 Asterion


Innate Abilities, Weirdness & Mutations

You are immune to sickness and miasma.
Your stone body is resilient. (AC +12)
You are immune to poison.
Your large and strong wings let you fly.
You resist negative energy. (rN+)
You are resistant to electric shocks. (rElec)
You are resistant to unholy torment.
You are immune to petrification.


Message History

The naga mage hits you but does no damage.
You miss the Executioner.
The Executioner is almost dead.
You block the Executioner's attack. The Executioner barely misses you.
You block the Executioner's attack.
Asterion hits you from afar with a +0 spectral demon trident.
The +0 spectral demon trident hits you from afar.
You block the Executioner's attack. The Executioner closely misses you.
You block the Executioner's attack. You block the naga mage's attack.
You miss the Executioner.
The Executioner is almost dead.
The Executioner hits you but does no damage.
You block the Executioner's attack.
The Executioner hits you but does no damage. x4
Asterion hits you but does no damage.
The +0 spectral demon trident hits you but does no damage.
The naga mage barely misses you.
You thump the Executioner!
You kill the Executioner!
The Executioner disappears in a puff of smoke!
You block Asterion's attack.
The +0 spectral demon trident hits you from afar.
* * * LOW HITPOINT WARNING * * *
The naga mage misses you.
You rampage towards the naga mage!
You hit the naga mage.
You feel better.
The naga mage is moderately wounded.
Asterion completely misses you.
The +0 spectral demon trident hits you from afar.
* * * LOW HITPOINT WARNING * * *
Asterion gores you!
* * * LOW HITPOINT WARNING * * *
You block the naga mage's attack. The naga mage closely misses you.
Asterion hits you with a +0 spectral demon trident!!
* * * LOW HITPOINT WARNING * * *
The +0 spectral demon trident hits you but does no damage.
You block Asterion's attack.
The naga mage gestures at the naga while chanting.
The naga seems to grow toxic.
Asterion hits you with a +0 spectral demon trident!
You die...

#..## ###.# #....# #...#
#.## ##....# #...##
##..###.....#
#....###....#......##
#...................#
#...................#
##.........(........##
...##........[NH.§......#
.............[[N@.....###
.......###...##########
#.....###...##
......##...##
..........## ##.......#
##......# ##.....##
#......###


You could see Asterion (fast), a naga mage (fast), a naga (curare) and a +0
spectral demon trident.

Vanquished Creatures
  A tentacled monstrosity (Swamp:1)
  A thorn hunter (Swamp:4)
  Aizul (Snake:1)
  A nagaraja (Snake:1)
  A fenstrider witch (Swamp:4)
  4 eleionomae (Swamp:1)
  A minotaur (Gauntlet)
  2 bunyips
  A shambling mangrove (Swamp:3)
  14 hydras
  Fannar (D:10)
  Harold (D:11)
  2 ogre magi
  A ghost crab (Swamp:2)
  An anaconda (Lair:3)
  A catoblepas (Gauntlet)
  11 two-headed ogres
  4 boulder beetles (D:11)
  3 centaur warriors
  6 death yaks (Lair:1)
  4 alligators
  2 naga warriors (Snake:1)
  2 shock serpents
  A naga sharpshooter (Snake:1)
  Nergalle (Lair:1)
  2 skysharks
  7 goliath frogs
  2 deep trolls (Orc:1)
  A bog body (Swamp:2)
  10 swamp dragons
  3 spriggan druids
  3 mana vipers (Snake:1)
  3 orc knights
  3 orc sorcerers (Orc:1)
  2 salamanders
  7 cyclopes
  2 ugly things
  3 manticores (D:11)
  5 will-o-the-wisps
  A guardian serpent (Snake:1)
  2 molten gargoyles (Gauntlet)
  5 elephants (Lair:3)
  10 black mambas
  8 slime creatures
  3 naga magi (Snake:1)
  3 gargoyles
  A torpor snail (Lair:1)
  15 cane toads
  2 unseen horrors (D:12)
  5 rime drakes
  A kobold demonologist (D:11)
  12 komodo dragons
  A yaktaur (shapeshifter) (D:11)
  An efreet (D:11)
  A bloated husk (Swamp:1)
  5 polar bears
  2 queen bees (Gauntlet)
  15 trolls
  8 tyrant leeches
  15 hornets
  Prince Ribbit (D:7)
  15 blink frogs
  Sigmund (D:4)
  11 spriggans
  3 wyverns
  2 shadows (D:11)
  72 yaks
  4 wraiths
  A basilisk (Lair:1)
  14 vampire mosquitoes
  A steam dragon (D:9)
  A warg (Orc:2)
  11 nagas
  Menkaure (D:3)
  18 swamp worms
  19 water moccasins
  An acid dragon (D:10)
  Duvessa (D:4)
  An ice beast (D:6)
  19 orc warriors
  18 ogres
  9 swamp drakes
  3 black bears
  19 wolves
  14 centaurs
  2 kobold brigands (D:6)
  18 bullfrogs
  A gnoll sergeant (D:6)
  2 scorpions
  4 wights (D:7)
  Dowan (D:4)
  10 killer bees
  3 electric eels
  4 howler monkeys
  2 jellies
  6 hounds
  11 orc priests
  2 gnoll boudas
  2 sleepcaps
  4 iguanas
  22 orc wizards
  8 mummies (Ossuary)
  18 gnolls
  11 adders
  4 white imps
  An ufetubus (D:5)
  A worm (D:2)
  A dart slug (D:1)
  75 orcs
  10 ball pythons
  7 bats
  7 endoplasms
  2 giant cockroaches
  9 hobgoblins
  4 jackals (D:1)
  2 quokkas
  3 frilled lizards
  13 goblins
  2 goblin zombies (D:6)
  4 hobgoblin zombies
  8 kobolds
  3 kobold zombies
  An orc skeleton (D:6)
  6 orc zombies
  4 rats
  2 spectral weapons (Snake:1)
797 creatures vanquished.

Vanquished Creatures (others)
  A centaur simulacrum (D:11)
  32 foxfires
33 creatures vanquished.

Grand Total: 830 creatures vanquished

Notes
Turn   | Place    | Note
-------+----------+-------------------------------------------
     0 | D:1      | AdnanSaban the Gargoyle Fighter began the quest for the
                  | Orb.
     0 | D:1      | Reached XP level 1. HP: 14/14 MP: 1/1
    51 | D:1      | Found a faded altar of an unknown god.
   160 | D:1      | Reached XP level 2. HP: 19/19 MP: 2/2
   248 | D:1      | Reached XP level 3. HP: 12/24 MP: 3/3
   837 | D:2      | Reached XP level 4. HP: 28/29 MP: 1/4
  1060 | D:2      | Reached skill level 3 in Maces & Flails
  1992 | D:3      | Reached XP level 5. HP: 29/33 MP: 2/5
  2352 | D:3      | Found an ornate altar of the Wu Jian Council.
  2529 | D:4      | Reached XP level 6. HP: 22/39 MP: 0/6
  2674 | D:4      | Reached skill level 5 in Armour
  2759 | D:4      | Found an opulent altar of Gozag.
  2777 | D:4      | Noticed Menkaure
  2820 | D:4      | Reached skill level 4 in Maces & Flails
  2891 | D:3      | Killed Menkaure
  2892 | D:3      | Reached skill level 5 in Fighting
  2892 | D:3      | Reached XP level 7. HP: 30/44 MP: 1/7
  3075 | D:4      | Noticed Sigmund
  3081 | D:4      | Killed Sigmund
  3082 | D:4      | Reached skill level 5 in Maces & Flails
  3423 | D:4      | Found a snail-covered altar of Cheibriados.
  3436 | D:4      | Noticed Duvessa
  3436 | D:4      | Noticed Dowan
  3454 | D:4      | Killed Duvessa
  3455 | D:4      | Reached XP level 8. HP: 34/50 MP: 0/8
  3461 | D:4      | Killed Dowan
  3608 | D:4      | Found a staircase to the Ecumenical Temple.
  3625 | Temple   | Entered the Ecumenical Temple
  3684 | D:4      | Identified the +5 helmet of the Hills {Will+ Int+5}
  3712 | D:5      | Entered Level 5 of the Dungeon
  3789 | D:5      | Found Hiabimuxt's Antique Weapon Boutique.
  3792 | D:5      | Reached skill level 1 in Dodging
  3933 | D:5      | Reached skill level 6 in Maces & Flails
  4276 | D:6      | Reached skill level 1 in Stealth
  4442 | D:6      | Found a glowing golden altar of the Shining One.
  5075 | D:6      | Reached skill level 7 in Maces & Flails
  5190 | D:6      | Reached skill level 5 in Shields
  5517 | D:7      | Found Tuxub's General Store.
  5610 | D:6      | Reached XP level 9. HP: 56/56 MP: 6/9
  5658 | D:7      | Noticed Prince Ribbit
  5674 | D:7      | Killed Prince Ribbit
  5840 | D:7      | Found Poloaqy's Armour Shoppe.
  5975 | D:7      | Reached skill level 8 in Maces & Flails
  6058 | D:7      | Found Huatux's Distillery.
  6136 | D:7      | Found Kegad's Assorted Antiques.
  6287 | D:7      | Found a sacrificial altar of Ru.
  6321 | D:7      | Found a burning altar of Makhleb.
  6322 | D:7      | Found a basalt altar of Yredelemnul.
  6325 | D:7      | Found a white marble altar of Elyvilon.
  6498 | D:8      | Found a stormy altar of Qazlal.
  6566 | D:8      | Found a sand-covered staircase.
  6582 | Ossuary  | Entered an ossuary
  7058 | D:8      | Found an iron altar of Okawaru.
  7212 | D:7      | Reached skill level 9 in Maces & Flails
  7243 | D:7      | Reached XP level 10. HP: 44/64 MP: 1/10
  7353 | D:8      | Became a worshipper of Warmaster Okawaru
  7594 | D:8      | Found a broken altar of Ashenzari.
  7874 | D:8      | Found a bloodstained altar of Trog.
  8148 | D:9      | Reached * piety under Okawaru
  8292 | D:9      | Reached skill level 10 in Maces & Flails
  8548 | D:9      | Found a faded altar of an unknown god.
  8549 | D:9      | Found a faded altar of an unknown god.
  8549 | D:9      | Found a hazy altar of Hepliaklqana.
  8726 | D:9      | Found a sacrificial altar of Ru.
  8893 | D:8      | Reached ** piety under Okawaru
  9333 | D:9      | Reached XP level 11. HP: 53/71 MP: 3/11
  9425 | D:10     | Entered Level 10 of the Dungeon
  9575 | D:10     | Noticed a centaur warrior
  9590 | D:10     | Killed a centaur warrior
  9590 | D:10     | Reached *** piety under Okawaru
  9591 | D:10     | Reached skill level 11 in Maces & Flails
  9796 | D:10     | Noticed a two-headed ogre
  9807 | D:10     | Killed a two-headed ogre
  9875 | D:10     | Identified the +8 battleaxe "Ror Vaurr" {spect, *Noise
                  | rPois rCorr Stlth+}
 10057 | D:10     | Found a sparkling altar of Nemelex Xobeh.
 10171 | D:10     | Noticed Fannar
 10214 | D:10     | Killed Fannar
 10304 | D:10     | Found a shimmering blue altar of Sif Muna.
 10909 | D:11     | Reached **** piety under Okawaru
 10943 | D:11     | Noticed a cyclops
 10965 | D:11     | Killed a cyclops
 11001 | D:11     | Noticed a two-headed ogre
 11026 | D:11     | Noticed a manticore
 11036 | D:11     | Killed a manticore
 11037 | D:11     | Reached skill level 12 in Maces & Flails
 11154 | D:11     | Found a staircase to the Orcish Mines.
 11219 | D:11     | Found a frozen archway.
 11240 | D:11     | Reached ***** piety under Okawaru
 11429 | D:11     | Identified the +7 dagger of Temperance {freeze, rN+ rCorr
                  | Dex+3 Stlth+}
 11434 | D:11     | Noticed a two-headed ogre
 11444 | D:11     | Killed a two-headed ogre
 11445 | D:11     | Reached skill level 10 in Armour
 11699 | D:10     | Identified the +7 eveningstar of the Hundredfold Lies
                  | {vamp, rF+ Str+2} (Okawaru gifted it to you on level 10 of
                  | the Dungeon)
 11699 | D:10     | Received a gift from Okawaru
 11884 | D:11     | Reached XP level 12. HP: 77/77 MP: 9/12
 11993 | D:11     | Noticed Harold
 12000 | D:11     | Killed Harold
 12001 | D:11     | Reached skill level 10 in Fighting
 12105 | D:11     | Found a staircase to the Lair.
 12184 | D:11     | Reached skill level 1 in Throwing
 12189 | D:11     | Reached skill level 13 in Maces & Flails
 12299 | D:11     | Noticed a boulder beetle
 12314 | D:11     | Killed a boulder beetle
 12400 | D:11     | Noticed a boulder beetle
 12419 | D:11     | Killed a boulder beetle
 12514 | D:11     | Noticed a six-headed hydra
 12523 | D:11     | Killed a six-headed hydra
 12523 | D:11     | Received a gift from Okawaru
 12525 | D:11     | Noticed a centaur warrior
 12535 | D:11     | Killed a centaur warrior
 12535 | D:11     | Received a gift from Okawaru
 12535 | D:11     | Noticed a boulder beetle
 12564 | D:11     | Noticed a centaur warrior
 12626 | D:10     | Killed a two-headed ogre
 12704 | D:10     | Killed a centaur warrior
 13047 | D:11     | Noticed a boulder beetle
 13061 | D:11     | Killed a boulder beetle
 13062 | D:11     | Reached skill level 14 in Maces & Flails
 13128 | D:11     | Identified the ring of Temptation {Fire Contam rPois Dex+2
                  | Stlth+}
 13149 | D:11     | Reached ****** piety under Okawaru
 13161 | D:11     | Killed a boulder beetle
 13161 | D:11     | Received a gift from Okawaru
 13162 | D:11     | Reached XP level 13. HP: 80/84 MP: 0/13
 13307 | D:11     | Identified the staff "Bing" {rC+ Str+4 Int+2 Dex-2 Ice}
 13311 | D:11     | Identified the staff "Utur Ruo" {rElec Str+4 Air}
 13795 | D:12     | Paralysed by a floating eye for 4 turns
 13883 | D:12     | Found a gate leading to a gauntlet.
 13892 | Gauntlet | Entered a Gauntlet
 13892 | Gauntlet | Found a transporter.
 13892 | Gauntlet | Found a transporter.
 13896 | Gauntlet | Found a transporter.
 13896 | Gauntlet | Found a transporter.
 13900 | Gauntlet | Found a transporter.
 13900 | Gauntlet | Found a transporter.
 13943 | Gauntlet | Found a transporter.
 13947 | Gauntlet | Found a transporter.
 13958 | Gauntlet | Noticed a great orb of eyes
 13961 | Gauntlet | Found a transporter.
 13978 | Gauntlet | Found a transporter.
 13996 | Gauntlet | Found a transporter.
 13997 | Gauntlet | Found a transporter.
 14353 | Gauntlet | Reached skill level 1 in Invocations
 14493 | Gauntlet | Noticed a minotaur
 14509 | Gauntlet | Killed a minotaur
 14827 | D:11     | Received a gift from Okawaru
 14828 | D:11     | Reached skill level 15 in Maces & Flails
 15999 | Lair:1   | Entered Level 1 of the Lair of Beasts
 16175 | Lair:1   | Noticed Nergalle
 16183 | Lair:1   | Killed Nergalle
 17344 | Lair:1   | Gained mutation: Your large and strong wings let you fly.
                  | [Gargoyle growth]
 17344 | Lair:1   | Reached XP level 14. HP: 92/92 MP: 10/17
 18014 | Lair:2   | Reached skill level 5 in Invocations
 18110 | Lair:2   | Received a gift from Okawaru
 18969 | Lair:2   | Found a staircase to the Swamp.
 19184 | Lair:2   | Reached skill level 16 in Maces & Flails
 19541 | Lair:3   | Identified the +2 plate armour of Imperfection {rElec
                  | Str+4} (Okawaru gifted it to you on level 3 of the Lair of
                  | Beasts)
 19541 | Lair:3   | Received a gift from Okawaru
 20144 | Lair:3   | Found a staircase to the Snake Pit.
 21180 | Lair:4   | Found a transporter.
 21470 | Lair:4   | Found a one-way gate to the infinite horrors of the Abyss.
 21470 | Lair:4   | Noticed Veeruq's ghost (journeyman DsFi)
 21474 | Lair:4   | Found a transporter.
 21985 | Lair:5   | Entered Level 5 of the Lair of Beasts
 22426 | Lair:5   | Found a viscous altar of Jiyva.
 22426 | Lair:5   | Found a staircase to the Slime Pits.
 22488 | Lair:5   | Reached XP level 15. HP: 91/100 MP: 14/20
 22500 | Lair:5   | Identified the scarf of the Arcane {+Inv, Dex+3} (Okawaru
                  | gifted it to you on level 5 of the Lair of Beasts)
 22500 | Lair:5   | Received a gift from Okawaru
 22791 | Lair:5   | Identified the staff "Ekketoll" {rF+ rCorr Fire}
 22818 | Lair:5   | Reached skill level 10 in Shields
 23401 | Orc:1    | Entered Level 1 of the Orcish Mines
 23670 | Orc:1    | Found Xup Saes's Gadget Gallery.
 23874 | Orc:2    | Entered Level 2 of the Orcish Mines
 24663 | Orc:2    | Found Vaqutsirph's Assorted Antiques.
 24769 | Orc:2    | Found Ozait's Assorted Antiques.
 25025 | Orc:2    | Found Unipn's Armour Boutique.
 25038 | Orc:2    | Found Enayk's Antique Weapon Boutique.
 25039 | Orc:2    | Found Cuitaff's Jewellery Shop.
 25044 | Orc:2    | Found a staircase to the Elven Halls.
 25166 | Orc:2    | Found an iron altar of Okawaru.
 25383 | Orc:1    | Received a gift from Okawaru
 25672 | Swamp:1  | Entered Level 1 of the Swamp
 25874 | Swamp:1  | Reached skill level 17 in Maces & Flails
 25881 | Swamp:1  | Identified the +5 ring mail "Feuhac" {Regen+ Int+3}
 26590 | Swamp:2  | Noticed a tentacled monstrosity
 26611 | Swamp:1  | Killed a tentacled monstrosity
 26611 | Swamp:1  | Identified the +1 scale mail "Xaheorr" {Dex+2} (Okawaru
                  | gifted it to you on level 1 of the Swamp)
 26611 | Swamp:1  | Received a gift from Okawaru
 26612 | Swamp:1  | Reached XP level 16. HP: 98/107 MP: 13/22
 26838 | Swamp:2  | Reached skill level 15 in Fighting
 28072 | Swamp:4  | Entered Level 4 of the Swamp
 28366 | Swamp:4  | Noticed a fenstrider witch
 28378 | Swamp:4  | Killed a fenstrider witch
 28754 | Swamp:4  | Received a gift from Okawaru
 28889 | Swamp:4  | Noticed a thorn hunter
 28969 | Swamp:4  | Killed a thorn hunter
 29139 | Swamp:4  | Got a decaying rune of Zot
 29239 | Swamp:4  | Reached skill level 10 in Invocations
 29524 | Snake:1  | Entered Level 1 of the Snake Pit
 29594 | Snake:1  | Received a gift from Okawaru
 29861 | Snake:1  | Noticed a nagaraja
 29872 | Snake:1  | Killed a nagaraja
 30116 | Snake:1  | Noticed Aizul
 30146 | Snake:1  | Killed Aizul
 30147 | Snake:1  | Reached XP level 17. HP: 96/116 MP: 14/24
 30155 | Snake:1  | Reached skill level 15 in Armour
 30250 | Snake:1  | Found Tetev's Jewellery Shoppe.
 30340 | Snake:1  | Noticed Asterion
 30465 | Snake:1  | Noticed an Executioner
 30536 | Snake:1  | HP: 5/116 [Asterion/+0 spectral demon trident (19)]
 30536 | Snake:1  | Slain by Asterion

Illustrated notes

Levels and vault maps discovered:
D:1:      lemuel_arrival_funnel, layout_basic,
          hellmonk_ecumenical_altar_pennies_from_heaven
D:2:      layout_basic, minmay_tromino_mix6
D:3:      wander_river, layout_basic, pdpol_wu_jian_five_deadly_venoms
D:4:      layout_rooms, grunt_gozag_breadcrumbs, mainiacjoe_overflow_alcove_1,
          minmay_temple_entry_offerings, minmay_misc_feat_five, minmay_cupped,
          uniq_menkaure, uniq_sigmund, uniq_duvessa
D:5:      layout_rooms, serial_shops, shop, kennysheep_nub
D:6:      layout_loops_ring, nicolae_tso_besieged_by_evil, kennysheep_donut,
          centaur_isle
D:7:      layout_rooms, minitemple, serial_shops,
          nicolae_shop_industrial_runoff, nicolae_shop_rolling_square,
          nicolae_shop_hallway_plus, nicolae_stop_n_shop_2, uniq_prince_ribbit1
D:8:      layout_rooms, trog_hazing_becter, overflow_temple_1_default,
          chequers_temple_overflow_statue_of_worship,
          nicolae_ossuary_entry_monument
D:9:      layout_rooms, nicolae_hepliaklqana_ecumenical_no_more,
          minmay_misc_feat_roman, chequers_serial_rivers_micro_c, st_stairs_5,
          grunt_ogre_cave, kennysheep_diamond
D:10:     layout_basic, nemelex_spade_bored_becter, led_sif_pool, uniq_fannar
D:11:     minmay_the_grid_octo_2x2 [minmay_the_grid_octo_clover,
          minmay_the_grid_octo_chip, minmay_the_grid_octo_clover_2,
          minmay_the_grid_octo_prize_square_snowflake], layout_long_grid,
          david_lair_shrubbed, david_orc_2,
          portal_ice_cave_entry_animals_and_master, minmay_misc_feat_encased,
          uniq_harold
D:12:     layout_irregular_city, gauntlet_entry_generic, minmay_fountain_box,
          disabler_island
Temple:   hellmonk_temple_of_storms
Lair:1:   layout_hall_layers, uniq_nergalle
Lair:2:   layout_loops_ring, minmay_swamp_entry_worms, grunt_megastairs_2,
          lemuel_fruit_fields
Lair:3:   layout_gridlike, guppyfry_snake_entry_garden, dreamdust_wasp_nest
Lair:4:   layout_cave_pods, gammafunk_ghost_abyssal_escape
Lair:5:   minmay_lair_end_frog_pond, layout_gridlike, dpeg_slime_entry_enclosed,
          infiniplex_staircase_pool_2
Swamp:1:  layout_basic_swamp, nicolae_swamp_well_well_well
Swamp:2:  layout_basic_swamp, evilmike_swamp_ruin_house_5
Swamp:3:  layout_basic_swamp, evilmike_swamp_ruin_rubble_2
Swamp:4:  swamp_alternative, layout_basic_swamp, swamp_pool1,
          nicolae_swamp_round_clearing
Snake:1:  layout_layer_cave, serial_shops, nicolae_square_shop,
          guppyfry_library_mini, uniq_asterion, uniq_aizul
Orc:1:    layout_diamond_mine, basic_altar, nicolae_shop_gadgets
Orc:2:    st_orc_open, layout_caves, serial_shops, nicolae_shop_trees,
          okawaru_metal_pillars_3

Skill      XL: |  1  2  3  4  5  6  7  8  9 10 11 12 13 14 15 16 17 |
---------------+----------------------------------------------------+-----
Armour         | 4 5 6 7 8 10 11 12 13 14 15 | 15.0
Maces & Flails | 3 4 5 7 9 10 12 14 15 16 17 | 17.8
Fighting       | 4 5 6 7 9 11 12 13 14 16 | 16.5
Shields        | 4 5 6 7 8 9 10 11 | 11.5
Dodging        | 1 2 3 |  3.3
Stealth        | 1 2 |  2.6
Throwing       | 1 2 3 |  3.0
Invocations    | 4 7 8 10 | 10.0

Action                     |  1- 3 |  4- 6 |  7- 9 | 10-12 | 13-15 | 16-18 || total
---------------------------+-------+-------+-------+-------+-------+-------++-------
  Melee: Flail             |   116 |   148 |   411 |   438 |       |       ||  1113
         Eveningstar       |       |       |       |   180 |  1292 |   520 ||  1992
  Throw: Dart              |       |       |     4 |    10 |    10 |     5 ||    29
         Boomerang         |       |       |       |       |    36 |       ||    36
 Invoke: Heroism           |       |       |       |       |     1 |       ||     1
    Use: Scroll            |       |       |       |       |       |    13 ||    13
         Potion            |       |       |       |       |       |     1 ||     1
   Stab: Invisible         |       |       |     1 |       |       |       ||     1
 Armour: Scale mail        |    58 |       |       |       |       |       ||    58
         Chain mail        |     6 |   118 |   218 |       |       |       ||   342
         Plate armour      |       |       |   118 |   567 |  1014 |   599 ||  2298
  Dodge: Dodged            |    69 |    75 |   205 |   230 |   514 |   277 ||  1370
         Repelled          |       |       |       |       |    13 |    10 ||    23
  Block: Buckler           |    29 |    42 |   107 |   170 |   348 |   114 ||   810
         Kite shield       |       |       |       |       |       |   148 ||   148
         Reflection        |       |       |       |       |       |     7 ||     7

Table legend: (Time is in decaauts)
 A = Elapsed time spent in this place.
 B = Non-inter-level travel time spent in this place.
 C = Inter-level travel time spent in this place.
 D = Time resting spent in this place.
 E = Time spent auto-exploring this place.
 F = Levels seen in this place.
 G = Mean time per level.
                   A        B        C        D        E       F      G
               +--------+--------+--------+--------+--------+-----+--------+
         Total |  30166 |  27982 |   2184 |   3037 |  18448 |  27 | 1117.3 |
       Dungeon |  15499 |  14175 |   1324 |   1586 |   9130 |  12 | 1291.6 |
        Temple |      1 |      1 |      0 |      0 |      0 |   1 |    1.0 |
          Lair |   7022 |   6399 |    623 |    221 |   5114 |   5 | 1404.4 |
         Swamp |   3653 |   3484 |    169 |    413 |   2313 |   4 |  913.2 |
     Snake Pit |    854 |    851 |      3 |     63 |    526 |   1 |  854.0 |
  Orcish Mines |   1972 |   1909 |     63 |    665 |    866 |   2 |  986.0 |
       Ossuary |    402 |    402 |      0 |      0 |    310 |   1 |  402.0 |
      Gauntlet |    760 |    760 |      0 |     89 |    189 |   1 |  760.0 |
               +--------+--------+--------+--------+--------+-----+--------+

Top non-repeatable levels by time:
    D:11: 2725 daAuts
    D:10: 1836 daAuts
  Lair:1: 1642 daAuts
  Lair:2: 1565 daAuts
     D:6: 1560 daAuts
  Lair:4: 1504 daAuts
    D:12: 1475 daAuts
   Orc:1: 1339 daAuts
     D:9: 1287 daAuts
  Lair:3: 1285 daAuts
     D:7: 1215 daAuts
     D:4: 1126 daAuts
     D:2: 1099 daAuts
     D:8: 1036 daAuts
  Lair:5: 1023 daAuts
